 Dungeon Crawl Stone Soup version 0.30.0-13-g156ef70053 (webtiles) character file.

Game seed: 15426655856627006190

118 jtron the Sneak (level 4, -3/21 HPs)
             Began as a Spriggan Venom Mage on May 17, 2023.
             Was an Initiate of Vehumet.
             Slain by an ufetubus (4 damage)
             ... on level 6 of the Dungeon.
             The game lasted 00:08:53 (2707 turns).

jtron the Sneak (Spriggan Venom Mage)               Turns: 2707, Time: 00:08:54

Health: -3/21      AC:  3    Str:  4    XL:     4   Next: 72%
Magic:  10/11      EV: 17    Int: 18    God:    Vehumet [......]
Gold:   208        SH:  0    Dex: 15    Spells: 5/11 levels left

rFire   . . .        a - +10 dagger "Cigh" {freeze, rN++}
rCold   . . .        (no shield)
rNeg    + + .        j - +1 robe
rPois   .            (helmet restricted)
rElec   .            (no cloak)
rCorr   .            (gloves unavailable)
SInv    +            (boots unavailable)
Will    .....        (no amulet)
Stlth   +++          (no ring)
HPRegen 0.23/turn    (no ring)
MPRegen 0.12/turn

%: no passive effects
@: very quick
A: very small, no large weapons, unfitting armour, see invisible, speed 3
a: Renounce Religion


You were on level 6 of the Dungeon.
You worshipped Vehumet.
Vehumet was noncommittal.
You visited 1 branch of the dungeon, and saw 5 of its levels.

You collected 208 gold pieces.

Inventory:

Hand Weapons
 a - the +10 dagger "Cigh" (weapon) {freeze, rN++}
   (You found it on level 2 of the Dungeon)

   rN:        It greatly protects you from negative energy.
 n - a +1 dagger of holy wrath
 p - a +0 rapier of chaos
Missiles
 d - 38 stones
 i - 6 atropa-tipped darts
 m - 4 datura-tipped darts
Armour
 j - a +1 robe (worn)
Wands
 o - a wand of paralysis (10)
Scrolls
 e - a scroll of identify
Potions
 b - 2 potions of magic
 c - a potion of cancellation
 f - a potion of attraction
 g - 3 potions of resistance
 l - 2 potions of heal wounds


   Skills:
 + Level 0.1 Fighting
 + Level 0.9 Short Blades
 + Level 3.0 Dodging
 + Level 4.6 Stealth
 + Level 4.0 Spellcasting
 + Level 2.4 Transmutations
 * Level 0.3 Air Magic
 + Level 3.5 Poison Magic


You had 5 spell levels left.
You knew the following spells:

 Your Spells              Type           Power      Damage    Failure   Level
a - Sting                 Tmut/Pois      56%        1d5       4%          1
b - Poisonous Vapours     Pois/Air       20%        N/A       11%         2
c - Mephitic Cloud        Conj/Pois/Air  8%         N/A       26%         3

Your spell library contained the following spells:

 Spells                   Type           Power      Damage    Failure   Level
 Freeze                   Ice            12%        1d3       14%         1
 Necrotise                Necr           12%        1d4       14%         1
 Olgreb's Toxic Radiance  Pois           16%        N/A       34%         4
 Call Canine Familiar     Summ           3%         N/A       41%         3
 Frozen Ramparts          Ice            6%         1d1       41%         3
 Gell's Gravitas          Tloc           3%         N/A       41%         3
 Hailstorm                Conj/Ice       3%         3d3       41%         3
 Portal Projectile        Hex/Tloc       6%         N/A       41%         3
 Teleport Other           Tloc           3%         N/A       41%         3
 Volatile Blastmotes      Fire/Tloc      6%         2d10      41%         3
 Leda's Liquefaction      Hex/Erth       1%         N/A       82%         4
 Irradiate                Conj/Tmut      4%         3d13      94%         5
 Arcjolt                  Conj/Air       2%         1d12      98%         5
 Dispersal                Tloc           1%         N/A       100%        6
 Spellforged Servitor     Conj/Summ      1%         N/A       100%        7


Dungeon Overview and Level Annotations

Branches:
Dungeon (6/15)
 Temple: D:4-7

Altars:
Kikubaaqudgha
Sif Muna
Vehumet
Xom


Innate Abilities, Weirdness & Mutations

You are very small and have problems with some larger weapons.
You are too small for most types of armour.
You have supernaturally acute eyesight. (SInv)
You cover ground extremely quickly. (Speed+++)


Message History

Confirm with . or Enter, or press ? or * to list all spells.
Aiming: Sting (safe; 4% risk of failure)
Press: ? - help, Shift-Dir - straight line, f/p - ufetubus
Aim: an ufetubus (53% to hit)
The sting misses the ufetubus.
The ufetubus completely misses you. The ufetubus barely misses you.
You closely miss the ufetubus. The ufetubus closely misses you. x2
You miss the ufetubus. The ufetubus closely misses you. x4
The ufetubus misses you. The ufetubus hits you.
There is a radiant altar of Vehumet here.
You kneel at the altar of Vehumet.
Vehumet welcomes you! The ufetubus closely misses you. The ufetubus hits you.
The ufetubus hits you. The ufetubus closely misses you.
The ufetubus closely misses you. The ufetubus hits you.
There is a radiant altar of Vehumet, spattered with blood here.
The ufetubus barely misses you. The ufetubus closely misses you.
The orc warrior shoots a bolt.
The bolt misses you.
Really read the scroll of poison?
The air fills with toxic fumes!
As you read the scroll of poison, it crumbles to dust.
The ufetubus hits you but does no damage.
The ufetubus misses you. The orc completely misses you.
The orc warrior shoots a bolt.
The bolt hits you.
* * * LOW HITPOINT WARNING * * *
Unknown command.
You barely miss the orc. The ufetubus misses you. x2
The ufetubus closely misses you.
The ufetubus hits you but does no damage.
The orc hits you with a +0 whip.
* * * LOW HITPOINT WARNING * * *
You miss the ufetubus. The ufetubus misses you. The ufetubus barely misses you.
The orc closely misses you.
You puncture the orc! You freeze the orc.
You kill the orc!
Vehumet accepts your kill. The ufetubus closely misses you.
The ufetubus hits you.
* * * LOW HITPOINT WARNING * * *
The ufetubus completely misses you. The ufetubus hits you.
You die...

#....... #.....o#
##### #......#
##._.###...>.#
###8...8###....#
##8##...##8##o..#
#§§§##§##...#...#
#_5§§o§§§.._#o>.#
#@§o#.⌠.#...#...#
###8##...##8#..#..
####...####.####
###......#
########


You could see an orc warrior, an orc and an ufetubus.

Vanquished Creatures
  An iguana (D:4)
  An adder (D:3)
  3 worms
  A dart slug (D:3)
  3 orcs
  9 bats
  9 endoplasms
  4 giant cockroaches
  3 goblins
  4 hobgoblins
  2 jackals (D:2)
  11 kobolds
  5 quokkas
  3 ball pythons
  2 frilled lizards
  7 rats
  A butterfly (D:3)
69 creatures vanquished.

Notes
Turn   | Place    | Note
-------+----------+-------------------------------------------
     0 | D:1      | jtron the Spriggan Venom Mage began the quest for the Orb.
     0 | D:1      | Reached XP level 1. HP: 9/9 MP: 5/5
    83 | D:1      | Found a faded altar of an unknown god.
   286 | D:1      | Reached XP level 2. HP: 13/13 MP: 4/6
  1211 | D:2      | Reached XP level 3. HP: 8/16 MP: 4/8
  1390 | D:2      | Identified the +10 dagger "Cigh" {freeze, rN++}
  1463 | D:2      | Got the Discursus on the Barrage and Ignition
  1912 | D:3      | Found a shimmering altar of Xom.
  2081 | D:3      | Reached XP level 4. HP: 20/21 MP: 7/9
  2120 | D:3      | Learned a level 2 spell: Poisonous Vapours
  2124 | D:3      | Learned a level 3 spell: Mephitic Cloud
  2262 | D:3      | Found a large runed translucent door.
  2262 | D:3      | Found a large runed translucent door.
  2263 | D:3      | Found a shimmering altar of Xom.
  2667 | D:4      | You fall into a shaft and drop 2 floors!
  2671 | D:6      | Noticed an orc warrior
  2682 | D:6      | Found a shimmering blue altar of Sif Muna.
  2683 | D:6      | Found an ancient bone altar of Kikubaaqudgha.
  2683 | D:6      | Found a radiant altar of Vehumet.
  2686 | D:6      | Got Kikubaaqudgha's Dissertation on Bodies
  2700 | D:6      | Became a worshipper of Vehumet
  2707 | D:6      | HP: 1/21 [ufetubus (2)]
  2707 | D:6      | Slain by an ufetubus

Illustrated notes

Levels and vault maps discovered:
D:1:      tarquinn_simple_flora_water_f, layout_loops_ring,
          ebering_ecumenical_altar_petrified
D:2:      layout_basic, hangedman_abyss_or_decor_lesser_grid,
          kennysheep_cross_bottleneck
D:3:      due_chaos_kobolds, layout_rooms, xom_butterflies,
          kennysheep_decorative_pillar, minmay_fractal_squares_5
D:4:      layout_cave_pools, minmay_temple_entry_slanted, gammafunk_ghost_smash
D:6:      layout_cave_pods, grunt_temple_overflow_magic_moments,
          minmay_starry_boxes, uniq_grinder

Skill      XL: |  1  2  3  4 |
---------------+-------------+-----
Spellcasting   | 3 4 |  4.0
Dodging        | 3 |  3.0
Transmutations | 2 |  2.4
Stealth        | 4 |  4.6
Fighting       | |  0.1
Short Blades   | |  0.9
Air Magic      | |  0.3
Poison Magic   | |  3.5

Action                     |  1- 3 |  4- 6 || total
---------------------------+-------+-------++-------
  Melee: Unarmed           |    34 |       ||    34
         Short sword       |    27 |       ||    27
         Dagger            |    32 |    21 ||    53
         Punch             |     1 |       ||     1
   Cast: Sting             |    42 |    16 ||    58
    Use: Potion            |     1 |       ||     1
         Scroll            |     7 |     3 ||    10
   Stab: Sleeping          |    13 |     2 ||    15
 Armour: Robe              |    13 |     2 ||    15
  Dodge: Dodged            |    78 |    38 ||   116
